 Dungeon Crawl Stone Soup version 0.30.1-4-g462c640d31 (webtiles) character file.

Game seed: 7878172192287338169

35 growler the Trooper (level 3, 0/30 HPs)
             Began as a Demonspawn Gladiator on Aug 13, 2023.
             Slain by an adder (1 damage)
             ... on level 4 of the Dungeon.
             The game lasted 00:02:54 (817 turns).

growler the Trooper (Demonspawn Gladiator)           Turns: 817, Time: 00:02:56

Health: 0/30       AC: 16    Str: 14    XL:     3   Next: 17%
Magic:  3/3        EV:  6    Int: 11    God:
Gold:   39         SH:  0    Dex: 14    Spells: 2/2 levels left

rFire   . . .        a - +0 war axe
rCold   . . .        (no shield)
rNeg    . . .        i - +0 shadow dragon scales
rPois   .            c - +0 helmet
rElec   .            o - +0 cloak
rCorr   .            f - +0 pair of gloves
SInv    .            (no boots)
Will    .....        (no amulet)
Stlth   ++           (no ring)
HPRegen 0.25/turn    (no ring)
MPRegen 0.16/turn

%: no passive effects
@: lethally poisoned (0 -> -1)
A: thin metallic scales 1, magic regeneration
a: no special abilities


You were on level 4 of the Dungeon.
You visited 1 branch of the dungeon, and saw 3 of its levels.

You collected 39 gold pieces.

Inventory:

Hand Weapons
 a - a +0 war axe (weapon)
Missiles
 d - 3 throwing nets (quivered)
 e - a javelin
Armour
 b - a +0 leather armour
 c - a +0 helmet (worn)
 f - a +0 pair of gloves (worn)
 i - +0 shadow dragon scales (worn)
 o - a +0 cloak (worn)
Jewellery
 g - a ring of flight
 j - an amulet of magic regeneration
Scrolls
 h - 2 scrolls of teleportation {unknown}
 k - 2 scrolls of identify {unknown}
 l - a scroll of vulnerability {unknown}
 n - a scroll of noise {unknown}
 q - a scroll of poison {unknown}
Potions
 m - a potion of attraction {unknown}
 p - a potion of ambrosia {unknown}


   Skills:
 + Level 3.7 Fighting
 - Level 2.6 Axes
 - Level 1.7 Throwing
 - Level 2.6 Dodging


You had 2 spell levels left.
You didn't know any spells.
Your spell library contained the following spells:

 Spells                   Type           Power      Damage    Failure   Level
 Sting                    Tmut/Pois      0%         1d3       100%        1
 Cigotuvi's Dreadful Rot  Necr/Pois/Air  0%         N/A       100%        2
 Poisonous Vapours        Pois/Air       0%         N/A       100%        2
 Dispel Undead            Necr           0%         3d6       100%        4
 Olgreb's Toxic Radiance  Pois           0%         N/A       100%        4
 Death Channel            Necr           0%         N/A       100%        6


Dungeon Overview and Level Annotations

Branches:
Dungeon (4/15)
 Temple: D:4-7

Altars:


Innate Abilities, Weirdness & Mutations

You are partially covered in thin metallic scales. (AC +2)
You regenerate magic rapidly.


Message History

The giant cockroach bites you but does no damage.
The orc barely misses you. The adder bites you but does no damage.
You hit the adder.
The adder is severely wounded.
You hit the orc.
You kill the orc!
You hit the giant cockroach.
You kill the giant cockroach!
The adder bites you but does no damage.
You barely miss the adder.
The adder is severely wounded.
You closely miss the iguana. The adder bites you but does no damage.
The iguana bites you. The adder bites you.
You are poisoned.
The adder poisons you!
You closely miss the adder.
The adder is severely wounded.
You hit the iguana.
You feel sick. The adder bites you but does no damage. The iguana bites you.
The adder bites you.
The iguana bites you but does no damage.
You miss the adder.
The adder is severely wounded.
You barely miss the iguana.
You feel sick. The adder bites you.
* * * LOW HITPOINT WARNING * * *
The iguana bites you but does no damage.
The adder bites you but does no damage.
Unknown command.
You hit the adder but do no damage.
The adder is severely wounded.
You hit the iguana.
You feel sick.
The iguana bites you but does no damage.
The adder bites you but does no damage.
You closely miss the adder.
The adder is severely wounded.
You hit the iguana.
You feel sick. The adder bites you.
* * * LOW HITPOINT WARNING * * *
The iguana bites you.
* * * LOW HITPOINT WARNING * * *
The adder bites you.
You die...

#..#....... ..#.......
. ............ ..
........... ... .....
.........##...# .....
..............#
.....####..#..##Sl...#
......#.#..##.#.@†..#
...............:....#
.........####..#..###
.(.......#..#.#####
...............#
..........#.#.##
..........#####
...##.......##
##.#......#..#


You could see an iguana and an adder.

Vanquished Creatures
  A worm (D:2)
  A dart slug (D:2)
  An orc (D:4)
  3 bats
  2 endoplasms
  4 giant cockroaches
  4 goblins
  2 hobgoblins
  2 quokkas (D:1)
  2 ball pythons
  3 frilled lizards (D:1)
  A kobold (D:1)
  A rat (D:1)
27 creatures vanquished.

Notes
Turn   | Place    | Note
-------+----------+-------------------------------------------
     0 | D:1      | growler the Demonspawn Gladiator began the quest for the
                  | Orb.
     0 | D:1      | Reached XP level 1. HP: 16/16 MP: 1/1
    76 | D:1      | Gained mutation: You are partially covered in thin metallic
                  | scales. (AC +2) [demonic ancestry]
    76 | D:1      | Reached XP level 2. HP: 23/23 MP: 2/2
   295 | D:1      | Reached skill level 3 in Fighting
   658 | D:2      | Gained mutation: You regenerate magic rapidly. [demonic
                  | ancestry]
   658 | D:2      | Reached XP level 3. HP: 27/29 MP: 3/3
   774 | D:2      | You fall into a shaft and drop 2 floors!
   817 | D:4      | HP: 1/30 [iguana (6)]
   817 | D:4      | Slain by an adder

Illustrated notes

Levels and vault maps discovered:
D:1:      reono_arrival_mine, layout_rooms
D:2:      layout_rooms, hellmonk_ecumenical_altar_inner_sanctum, minivault_19
D:4:      layout_cave_pools, chequers_temple_overflow_statue_of_worship,
          minmay_temple_entry_mini_moons, uniq_robin

Skill      XL: |  1  2 |
---------------+-------+-----
Fighting       | 3 |  3.7
Axes           | |  2.6
Throwing       | |  1.7
Dodging        | |  2.6

Action                     || total
---------------------------++-------
  Melee: War axe           ||    73
         Punch             ||     1
   Stab: Sleeping          ||     2
 Armour: Leather armour    ||    10
         Shadow dragon sca ||    52
  Dodge: Dodged            ||    36
